 Seeded DCSS version 0.29.1-12-g30fa7ad0bf (webtiles) character file.

Game seed: 16245865983455551772 (custom seed)

331288 hikkokomori the Devastator (level 21, -4/128 (151) HPs)
             Began as an Octopode Conjurer on Jan 17, 2023.
             Was an Initiate of Gozag.
             Killed from afar by a war gargoyle (44 damage)
             ... with a spray of metal splinters
             ... on level 2 of the Depths on Jan 18, 2023.
             The game lasted 02:33:08 (53035 turns).

hikkokomori the Devastator (Octopode Conjurer)     Turns: 53035, Time: 02:33:09

HP:   -4/128 (151)  AC:  2    Str: 16    XL:     21   Next: 76%
MP:   49/49         EV: 22    Int: 47    God:    Gozag
Gold: 1136          SH: 20    Dex: 26    Spells: 2/51 levels left

rFire   + . .      SeeInvis +   G - +5 demon whip (venom)
rCold   . . .      Faith    .   c - +5 kite shield {reflect}
rNeg    . . .      Spirit   .   N - +1 hat "Ucuef" {Will+ Slay+3 Stlth+}
rPois   +          Reflect  +   T - amulet of Vitality {RegenMP++ Regen++}
rElec   +          Harm     .   i - ring "Foaseon" {Will+ Str+6 Dex+4}
rCorr   .          Rampage  .   M - ring "Hiaryn" {Fly Will+ Slay+3}
Will    +++++      Rage     3%  H - +6 ring of intelligence
Stlth   +++++++++.              z - ring of Obsession {Will+++ MP+9 Str-5 Int+6 SInv}
HPRegen 1.91/turn               I - ring of Sius {Int+6 Stlth+}
MPRegen 1.11/turn               u - ring of Uskemymn {Wiz Slay+3}
                                O - ring "Hathun" {rPois Int+2 Dex+6 Stlth+}
                                R - ring "Vokug" {rElec rF+ Will+ Str+6 Dex+4}

@: swift, flying, heavily drained, very quick
A: almost no armour, amphibious, 8 rings, camouflage 1, gelatinous body 1,
(nimble swimmer 1), tentacles, berserk 1
}: 2/15 runes: decaying, serpentine
a: Renounce Religion, Potion Petition, Call Merchant, Bribe Branch


You were on level 2 of the Depths.
You worshipped Gozag.
Gozag was most pleased with you.
You visited 8 branches of the dungeon, and saw 37 of its levels.
You visited 1 bazaar.
You also visited: Ice Cave.

You collected 20920 gold pieces.
You spent 11657 gold pieces at shops.
You paid 8127 gold pieces to Gozag.

Inventory:

Hand Weapons
 C - the +11 morningstar "Ubajyeti" {protect, rElec}
   (You found it on level 14 of the Dungeon)

   It grants its wielder temporary protection when it strikes (+7 to AC).
   rElec:     It insulates you from electricity.
 G - a +5 demon whip of venom (weapon)
 Y - the +4 rapier of the Distant Future {spect, Fragile +Blink MP+9 Int+6}
   (You bought it in a shop in a bazaar)

   When its wielder attacks, the weapon's spirit leaps out and strikes again.
   The spirit shares a part of any damage it takes with its wielder.
   Int:       It affects your intelligence (+6).
   MP:        It affects your magic capacity (+9).
   +Blink:    It lets you blink.
   Fragile:   It will be destroyed if unequipped.
Armour
 c - a +5 kite shield of reflection (worn)
 N - the +1 hat "Ucuef" (worn) {Will+ Slay+3 Stlth+}
   (You bought it in a shop on level 2 of the Orcish Mines)

   Slay:      It affects your accuracy & damage with ranged weapons and melee
   (+3).
   Will:      It increases your willpower.
   Stlth:     It makes you more stealthy.
Jewellery
 g - a +6 ring of intelligence
 h - a +6 ring of intelligence
 i - the ring "Foaseon" (left tentacle) {Will+ Str+6 Dex+4}
   (You acquired it on level 1 of the Dungeon)

   [ring of strength]

   Str:       It affects your strength (+6).
   Dex:       It affects your dexterity (+4).
   Will:      It increases your willpower.
 o - a ring of ice
 u - the ring of Uskemymn (on tentacle) {Wiz Slay+3}
   (You bought it in a shop on level 12 of the Dungeon)

   [ring of wizardry]

   It improves your spell success rate.
   Slay:      It affects your accuracy & damage with ranged weapons and melee
   (+3).
 z - the ring of Obsession (on tentacle) {Will+++ MP+9 Str-5 Int+6 SInv}
   (You bought it in a shop on level 7 of the Dungeon)

   [ring of intelligence]

   Str:       It affects your strength (-5).
   Int:       It affects your intelligence (+6).
   MP:        It affects your magic capacity (+9).
   SInv:      It lets you see invisible.
   Will:      It greatly increases your willpower.
 H - a +6 ring of intelligence (on tentacle)
 I - the ring of Sius (on tentacle) {Int+6 Stlth+}
   (You bought it in a shop on level 2 of the Vaults)

   [ring of intelligence]

   Int:       It affects your intelligence (+6).
   Stlth:     It makes you more stealthy.
 M - the ring "Hiaryn" (right tentacle) {Fly Will+ Slay+3}
   (You found it on level 3 of the Swamp)

   [ring of flight]

   Slay:      It affects your accuracy & damage with ranged weapons and melee
   (+3).
   Fly:       It grants you flight.
   Will:      It increases your willpower.
 O - the ring "Hathun" (on tentacle) {rPois Int+2 Dex+6 Stlth+}
   (You bought it in a shop on level 12 of the Dungeon)

   [ring of dexterity]

   Int:       It affects your intelligence (+2).
   Dex:       It affects your dexterity (+6).
   rPois:     It protects you from poison.
   Stlth:     It makes you more stealthy.
 R - the ring "Vokug" (on tentacle) {rElec rF+ Will+ Str+6 Dex+4}
   (You bought it in a shop on level 7 of the Dungeon)

   [ring of strength]

   Str:       It affects your strength (+6).
   Dex:       It affects your dexterity (+4).
   rF:        It protects you from fire.
   rElec:     It insulates you from electricity.
   Will:      It increases your willpower.
 T - the amulet of Vitality (around mantle) {RegenMP++ Regen++}
   (You bought it in a shop on level 1 of the Vaults)

   [amulet of magic regeneration]

   It increases your rate of magic regeneration.
   Regen:     It increases your rate of health regeneration.
 U - a ring of protection from cold
 Z - a ring of fire
Wands
 m - a wand of digging (8)
 n - a wand of roots (61)
 y - a wand of flame (137)
 E - a wand of charming (30)
 F - a wand of quicksilver (2)
 W - a wand of mindburst (11)
Scrolls
 f - 14 scrolls of teleportation
 k - 3 scrolls of fear
 l - a scroll of summoning
 p - 5 scrolls of immolation
 s - 2 scrolls of silence
 v - 8 scrolls of magic mapping
 w - a scroll of butterflies
 x - 13 scrolls of amnesia
 B - 3 scrolls of poison
 S - 5 scrolls of blinking
Potions
 a - 3 potions of magic
 b - 3 potions of haste
 d - 3 potions of might
 e - 8 potions of flight
 q - 4 potions of berserk rage
 r - 5 potions of heal wounds
 t - 12 potions of brilliance
 A - 11 potions of attraction
 D - 13 potions of curing
 J - a potion of cancellation
 K - 2 potions of resistance
 L - 5 potions of lignification
 Q - 2 potions of invisibility
 V - 2 potions of ambrosia
 X - 5 potions of mutation
Miscellaneous
 j - a lightning rod (4/4)
 P - a piece from Xom's chessboard (15/15)


   Skills:
 - Level 15.1 Fighting
 - Level 8.7 Maces & Flails
 - Level 10.7 Dodging
 - Level 10.3 Stealth
 + Level 14.3 Shields
 + Level 15.6 Spellcasting
 + Level 18.0 Conjurations
 - Level 4.4 Hexes
 - Level 10.1 Transmutations
 + Level 10.3 Air Magic
 - Level 5.1 Earth Magic
 - Level 6.6 Poison Magic
 - Level 8.5 Evocations


You had 2 spell levels left.
You knew the following spells:

 Your Spells              Type           Power      Damage    Failure   Level
a - Magic Dart            Conj           100%       1d8       0%          1
b - Searing Ray           Conj           100%       2d8       0%          2
c - Ignite Poison         Fire/Tmut/Pois 73%        N/A       1%          3
d - Olgreb's Toxic Radia  Pois           78%        N/A       1%          4
e - Irradiate             Conj/Tmut      53%        3d29      1%          5
f - Fulminant Prism       Conj/Hex       48%        3d21      1%          4
g - Iron Shot             Conj/Erth      49%        9d9       1%          6
h - Yara's Violent Unrav  Hex/Tmut       40%        3d16      1%          5
i - Swiftness             Air            93%        N/A       1%          3
j - Chain Lightning       Conj/Air       53%        3d70      77%         9
k - Orb of Destruction    Conj           58%        9d14      1%          7

Your spell library contained the following spells:

 Spells                   Type           Power      Damage    Failure   Level
 Shock                    Conj/Air       100%       1d9       0%          1
 Foxfire                  Conj/Fire      100%       2x1d9     1%          1
 Sting                    Tmut/Pois      100%       1d8       1%          1
 Blink                    Tloc           72%        N/A       1%          2
 Ensorcelled Hibernation  Hex/Ice        100%       N/A       1%          2
 Passwall                 Tmut/Erth      69%        N/A       1%          2
 Poisonous Vapours        Pois/Air       100%       N/A       1%          2
 Scorch                   Fire           72%        2d9       1%          2
 Iskenderun's Battlesphe  Conj           100%       2d15      0%          5
 Confusing Touch          Hex            68%        N/A       1%          3
 Conjure Flame            Conj/Fire      88%        6-21      1%          3
 Dazzling Flash           Conj/Hex       100%       N/A       1%          3
 Inner Flame              Hex/Fire       55%        N/A       1%          3
 Lesser Beckoning         Tloc           36%        N/A       1%          3
 Ozocubu's Armour         Ice            36%        N/A       1%          3
 Portal Projectile        Hex/Tloc       100%       N/A       1%          3
 Spider Form              Tmut/Pois      86%        N/A       1%          3
 Tukima's Dance           Hex            68%        N/A       1%          3
 Airstrike                Air            46%        2d(7-23)  1%          4
 Anguish                  Hex/Necr       27%        N/A       1%          4
 Flame Wave               Conj/Fire      88%        2d19      1%          4
 Iskenderun's Mystic Bla  Conj/Tloc      88%        2d17      1%          4
 Petrify                  Tmut/Erth      83%        N/A       1%          4
 Sticky Flame             Conj/Fire      88%        2d10      1%          4
 Blade Hands              Tmut           46%        N/A       1%          5
 Freezing Cloud           Conj/Ice/Air   45%        6-21      1%          5
 Silence                  Hex/Air        41%        N/A       1%          5
 Passage of Golubria      Tloc           36%        N/A       4%          4
 Borgnjor's Vile Clutch   Necr/Erth      28%        N/A       4%          5
 Metabolic Englaciation   Hex/Ice        27%        N/A       4%          5
 Summon Mana Viper        Hex/Summ       55%        N/A       4%          5
 Spellforged Servitor     Conj/Summ      44%        N/A       10%         7
 Manifold Assault         Tloc           36%        N/A       12%         5
 Summon Forest            Summ/Tloc      18%        N/A       12%         5
 Lehudib's Crystal Spear  Conj/Erth      49%        10d12     26%         8
 Enfeeble                 Hex            34%        N/A       50%         7
 Summon Cactus Giant      Summ           18%        N/A       52%         6
 Ozocubu's Refrigeration  Ice            18%        4d11      97%         7
 Ignition                 Fire           18%        3d7       100%        8
 Summon Horrible Things   Summ           18%        N/A       100%        8
 Fire Storm               Conj/Fire      44%        8d11      100%        9
 Shatter                  Erth           35%        3d28*     100%        9
 Animate Dead             Necr           Unusable   N/A       N/A         4
 Simulacrum               Ice/Necr       Unusable   N/A       N/A         6

Dungeon Overview and Level Annotations

Branches:
Dungeon (15/15)            Temple (1/1) D:5            Lair (5/5) D:8
  Swamp (4/4) Lair:3        Snake (4/4) Lair:2        Slime (0/5) Lair:4
    Orc (2/2) D:12            Elf (0/3) Orc:2        Vaults (4/5) D:13
  Crypt (0/3) Vaults:3     Depths (2/4) D:15          IceCv (visited)

Altars:
Ashenzari
Cheibriados
Dithmenos
Elyvilon
Fedhas
Gozag
Hepliaklqana
Kikubaaqudgha
Makhleb
Nemelex Xobeh
Okawaru
Qazlal
Ru
Sif Muna
Trog
Uskayaw
Vehumet
Wu Jian
Xom
Yredelemnul
Zin
The Shining One

Shops:
D:3 [   D:4 *:[   D:7 =   D:12 =*?   D:15 [   Orc:1 *   Orc:2 ([((   Lair:4 :
Snake:2 [[   Snake:3 (   Vaults:1 (*=   Vaults:2 *=   Vaults:4 =   Depths:1 *

Portals:
Hell: Depths:1

Annotations:
Swamp:2 3 runed translucent doors, Axikluogo's ghost, adept MiCA; Foxy's ghost, adept GrFi
Snake:4 2 transporters, TheSexyCheese's ghost, adept HOFi
Vaults:2 Mennas


Innate Abilities, Weirdness & Mutations

You cannot wear most types of armour.
You are amphibious.
You can wear up to eight rings at the same time.
Your skin changes colour to match your surroundings (Stealth+).
Your rubbery body absorbs attacks. (AC +1, EV +1)
((You are camouflaged when in or above water. (Stealth+)))
You have tentacles for arms and can constrict up to eight enemies at once.
You sometimes lose your temper in combat.


Message History

The necromancer binds the souls of nearby monsters.
You block the jiangshi's attack. The jiangshi claws you!
The jiangshi draws strength from your injuries!
The jiangshi attacks as you move away! The jiangshi claws you!!
The jiangshi draws strength from your injuries!
The jiangshi misses you. You block the jiangshi's attack. x2
A war gargoyle comes into view. It is wielding a +0 great mace.
The jiangshi attacks as you move away! You block the jiangshi's attack.
The jiangshi closely misses you.
The necromancer casts a spell.
The necromancer binds the souls of nearby monsters.
The jiangshi claws you!!
The jiangshi draws strength from your injuries!
You block the jiangshi's attack.
You hear a shout!
The jiangshi attacks as you move away! The jiangshi misses you.
You block the jiangshi's attack.
A titan simulacrum comes into view.
Okay, then.
Casting: Iron Shot (mildly dangerous; 1% risk of failure)
Confirm with . or Enter, or press ? or * to list all spells.
You feel quick.
The vampire knight shouts!
The quicksilver dragon skeleton bites you!!
The quicksilver dragon skeleton claws you!
The quicksilver dragon skeleton attacks as you move away!
The quicksilver dragon skeleton bites you!
The quicksilver dragon skeleton claws you!
* * * LOW HITPOINT WARNING * * *
The necromancer casts a spell.
The necromancer binds the souls of nearby monsters.
You see here a +0 robe of fire resistance.
There is a stone staircase leading up here.
Casting: Swiftness (safe; 1% risk of failure)
Confirm with . or Enter, or press ? or * to list all spells.
Okay, then.
The war gargoyle launches metal splinters at you.
The spray of metal splinters hits you!!!
You die...
Your body crumbles into a pile of gold.

≈≈≈≈≈≈≈≈≈≈≈≈≈≈≈≈≈≈≈≈≈
≈≈≈≈≈#≈Z≈≈≈≈≈##≈≈≈≈≈≈
≈Z####≈≈≈≈≈Z≈≈≈≈≈≈≈# ##
#≈≈≈≈≈≈≈##≈~~~###
.######~~≈≈##≈~~....###
..##....~≈~9Z~........###
.........~~...9..........
............[....>.......
................@><......
#################[#######
#)# #<# #.# ###


You could see 2 war gargoyles and a quicksilver dragon skeleton.

Vanquished Creatures
  Saint Roka (Vaults:1)
  A lich (Vaults:1)
  Jorgrun (Swamp:2)
  3 sphinxes
  14 nagarajas (Snake:4)
  Donald (Orc:2)
  Kirke (Lair:4)
  A thorn hunter (Swamp:4)
  2 fire giants (Depths:1)
  2 frost giants
  3 orc warlords
  10 vault wardens
  3 war gargoyles
  9 ironbound preservers
  5 ironbound thunderhulks
  3 stone giants
  A vampire knight (Depths:1)
  4 very ugly things
  An eleionoma (Swamp:2)
  4 bunyips
  6 dire elephants
  A spectral titan (Depths:2)
  An entropy weaver (Vaults:2)
  A crystal guardian (Vaults:4)
  2 ettins
  7 yaktaur captains
  2 spectral golden dragons (Depths:2)
  Josephine (D:14)
  A deep elf high priest (Vaults:3)
  A jiangshi (Vaults:3)
  6 great orbs of eyes
  3 shambling mangroves
  5 fire dragons
  32 hydras
  A spriggan air mage (Depths:2)
  8 vault guards (Vaults:3)
  2 spectral shadow dragons (Depths:2)
  Fannar (D:10)
  A spectral tengu (Depths:2)
  3 ice dragons
  A spectral sphinx (Depths:2)
  5 boulder beetles
  Erolcha (Orc:2)
  5 salamander tyrants
  2 peacekeepers
  6 ironbound frosthearts
  22 naga warriors
  A spectral fire giant (Depths:2)
  4 two-headed ogres
  3 centaur warriors
  8 anacondas
  2 death yaks (IceCv)
  2 spectral frost giants (Depths:2)
  3 orc high priests (Orc:2)
  4 deep troll shamans (Depths:1)
  A spectral stone giant (Depths:2)
  3 deep troll earth magi
  3 tengu warriors
  6 shock serpents
  Urug (D:12)
  5 vampire magi (Depths:2)
  17 naga sharpshooters
  14 alligators
  Sonja (Lair:3)
  3 soul eaters
  A spectral storm dragon (Depths:2)
  2 iron trolls (Depths:1)
  3 spectral spark wasps (Depths:2)
  Amaemon (D:8)
  2 salamander mystics (Snake:4)
  4 goliath frogs
  A flayed ghost (Depths:1)
  3 sea snakes (Snake:1)
  2 glowing orange brains
  5 spriggan druids
  41 deep trolls
  8 lindwurms
  12 swamp dragons
  A bog body (Swamp:2)
  2 wizards
  3 wolf spider zombies (D:15)
  10 naga ritualists
  2 phantasmal warriors
  An orange crystal statue (D:14)
  11 ironbound convokers
  6 harpies
  5 orc knights
  2 deep elf pyromancers
  6 orc sorcerers
  45 ugly things
  A spectral spriggan (Depths:2)
  A manticore (D:13)
  4 mana vipers
  5 will-o-the-wisps
  7 centaur zombies (D:15)
  9 salamanders
  18 elephants
  4 cyclopes
  Maurice (D:8)
  A black mamba (shapeshifter) (D:13)
  Joseph (D:8)
  10 guardian serpents
  34 black mambas
  15 naga magi
  An ice statue (IceCv)
  16 vault sentinels
  An orange demon (D:8)
  A gargoyle (D:13)
  7 cane toads
  5 rime drakes
  An unseen horror (shapeshifter) (D:14)
  Psyche (D:8)
  3 freezing wraiths
  A kobold demonologist (D:11)
  31 yaktaurs
  An unseen horror (D:11)
  2 tengu conjurers
  7 komodo dragons
  2 ice devils (Lair:1)
  2 spectral glowing shapeshifters (Depths:2)
  3 bloated husks (Swamp:1)
  9 trolls
  A harpy zombie (D:15)
  14 polar bears
  9 tyrant leeches
  21 hornets
  13 dream sheep (Lair:3)
  17 blink frogs
  34 slime creatures
  A raiju (shapeshifter) (D:11)
  A meliai zombie (D:15)
  Sigmund (D:5)
  8 wyverns
  6 wraiths
  A water elemental (Depths:1)
  3 shadows
  72 yaks
  A human (D:11)
  28 spriggans
  9 hogs
  5 basilisks
  A fire elemental (D:11)
  A golden eye (shapeshifter) (D:15)
  A steam dragon (D:7)
  8 vampire mosquitoes
  A naga (shapeshifter) (Vaults:4)
  5 wargs
  14 swamp worms
  51 nagas
  18 water moccasins
  A floating eye (Depths:1)
  11 swamp drakes
  3 hornet zombies (D:15)
  2 ice beasts
  40 orc warriors
  8 black bears
  3 ogres
  49 wolves
  11 boggarts
  A phantom (D:6)
  10 centaurs
  5 kobold brigands
  9 bullfrogs
  2 necrophages
  2 gnoll sergeants
  6 scorpions
  11 wights
  5 killer bees
  4 howler monkeys
  6 electric eels (Snake:1)
  2 lava snakes
  22 orc priests
  A gnoll bouda (D:7)
  4 hounds
  An iron imp (D:4)
  Jessica (D:2)
  3 iguanas
  23 orc wizards
  Natasha (D:3)
  4 hell rats (Lair:4)
  A boggart simulacrum (D:14)
  A hound skeleton (D:4)
  14 gnolls
  5 adders
  A white imp (D:5)
  A dart slug (D:5)
  86 orcs
  6 ball pythons
  3 bats
  8 endoplasms
  A giant cockroach (D:4)
  5 goblins
  8 hobgoblins
  31 kobolds
  4 quokkas
  3 frilled lizards
  7 rats
1443 creatures vanquished.

Vanquished Creatures (collateral kills)
  A hell knight (D:10)
1 creature vanquished.

Vanquished Creatures (others)
  A sphinx (Depths:1)
  A deep troll earth mage (Depths:1)
  A deep troll (Depths:1)
  10 foxfires
  58 fulminant prisms
  76 fungi
  150 plants
297 creatures vanquished.

Grand Total: 1741 creatures vanquished

Notes
Turn   | Place    | Note
-------+----------+-------------------------------------------
     0 | D:1      | hikkokomori the Octopode Conjurer began the quest for the
                  | Orb.
     0 | D:1      | Reached XP level 1. HP: 11/11 MP: 3/3
   284 | D:1      | Reached XP level 2. HP: 17/17 MP: 3/5
   399 | D:1      | Found a faded altar of an unknown god.
  1181 | D:1      | Reached XP level 3. HP: 21/21 MP: 0/6
  1256 | D:1      | Identified 3 scrolls of acquirement
  1256 | D:1      | Acquired the ring "Foaseon" {Will+ Str+6 Dex+4}
  1257 | D:1      | Acquired hikkokomori's Directory of the Variable Snake
  1259 | D:1      | Acquired an Everburning Encyclopedia
  1264 | D:1      | Learned a level 2 spell: Searing Ray
  1268 | D:1      | Learned a level 3 spell: Ignite Poison
  1672 | D:2      | Noticed Jessica
  1675 | D:2      | Killed Jessica
  1676 | D:2      | Reached XP level 4. HP: 27/27 MP: 3/7
  2415 | D:3      | Found Ymmy Ciutu's Antique Armour Shoppe.
  2603 | D:3      | Reached skill level 1 in Poison Magic
  3099 | D:3      | Reached skill level 1 in Transmutations
  3099 | D:3      | Reached XP level 5. HP: 31/31 MP: 9/9
  3419 | D:3      | Noticed Natasha
  3425 | D:3      | Killed Natasha
  3876 | D:4      | Found Gamycsypi's Antique Armour Boutique.
  3891 | D:4      | Reached XP level 6. HP: 35/36 MP: 3/11
  3983 | D:4      | Found a burning altar of Makhleb.
  4168 | D:4      | Found Tuuwolaw's General Store.
  4193 | D:4      | Found a snail-covered altar of Cheibriados.
  4378 | D:4      | Learned a level 4 spell: Olgreb's Toxic Radiance
  4548 | D:4      | Found Koenoidu's Book Boutique.
  4694 | D:4      | Found a shadowy altar of Dithmenos.
  4786 | D:4      | Reached XP level 7. HP: 41/41 MP: 4/13
  4821 | D:5      | Entered Level 5 of the Dungeon
  4908 | D:5      | Noticed Sigmund
  5038 | D:5      | Killed Sigmund
  5455 | D:5      | Reached skill level 5 in Poison Magic
  5455 | D:5      | Reached XP level 8. HP: 46/46 MP: 7/15
  5567 | D:5      | Found a staircase to the Ecumenical Temple.
  5703 | Temple   | Entered the Ecumenical Temple
  5838 | Temple   | Became a worshipper of Gozag Ym Sagoz the Greedy
  6131 | D:5      | Found a glowing silver altar of Zin.
  6168 | D:5      | Reached skill level 5 in Spellcasting
  7051 | D:6      | Reached skill level 5 in Transmutations
  7742 | D:6      | Learned a level 5 spell: Irradiate
  8036 | D:7      | Reached skill level 1 in Fighting
  8036 | D:7      | Reached XP level 9. HP: 17/53 MP: 6/18
  8179 | D:7      | Reached skill level 5 in Stealth
  8179 | D:7      | Reached skill level 5 in Conjurations
  8305 | D:7      | Found Dackej's Jewellery Shoppe.
  8460 | D:7      | Found a hazy altar of Hepliaklqana.
  8854 | D:7      | Learned a level 4 spell: Fulminant Prism
  9048 | D:7      | Acquired 796 gold pieces
  9082 | D:7      | Bought the ring of Obsession {Will+++ MP+9 Str-5 Int+6
                  | SInv} for 1086 gold pieces
  9178 | D:8      | Noticed Amaemon
  9178 | D:8      | Noticed an orange demon
  9182 | D:8      | Reached skill level 1 in Hexes
  9186 | D:8      | Killed an orange demon
  9188 | D:8      | Killed Amaemon
  9189 | D:8      | Reached skill level 6 in Conjurations
  9189 | D:8      | Reached XP level 10. HP: 44/63 MP: 10/20
  9423 | D:8      | Noticed Joseph
  9429 | D:8      | Killed Joseph
  9438 | D:8      | Found a staircase to the Lair.
  9586 | D:8      | Reached skill level 5 in Fighting
  9586 | D:8      | Reached skill level 7 in Conjurations
  9677 | D:8      | Noticed Maurice
  9686 | D:8      | Killed Maurice
  9992 | D:8      | Noticed Psyche
  9996 | D:8      | Killed Psyche
 10051 | D:8      | Found a stormy altar of Qazlal.
 10227 | D:9      | Reached XP level 11. HP: 72/72 MP: 23/23
 10321 | D:9      | Noticed a two-headed ogre
 10326 | D:9      | Killed a two-headed ogre
 10535 | D:9      | Found a sacrificial altar of Ru.
 10646 | D:9      | Noticed a two-headed ogre
 10656 | D:9      | Killed a two-headed ogre
 10657 | D:9      | Reached skill level 8 in Conjurations
 10706 | D:9      | Found an iron altar of Okawaru.
 10706 | D:9      | Found a shimmering altar of Xom.
 10788 | D:9      | Found a broken altar of Ashenzari.
 10948 | D:10     | Entered Level 10 of the Dungeon
 11086 | D:10     | Noticed Fannar
 11089 | D:10     | Killed Fannar
 11911 | Lair:1   | Entered Level 1 of the Lair of Beasts
 11979 | Lair:1   | Found a frozen archway.
 12022 | IceCv    | Entered an ice cave
 12123 | IceCv    | Reached skill level 9 in Conjurations
 12153 | IceCv    | Reached XP level 12. HP: 59/81 MP: 25/25
 12432 | IceCv    | Noticed an ironbound frostheart
 12439 | IceCv    | Killed an ironbound frostheart
 12557 | IceCv    | Noticed an ironbound frostheart
 12558 | IceCv    | Noticed a death yak
 12564 | IceCv    | Noticed a death yak
 13039 | IceCv    | Reached skill level 10 in Spellcasting
 13054 | IceCv    | Reached skill level 10 in Conjurations
 13183 | IceCv    | Killed a death yak
 13187 | IceCv    | Killed an ironbound frostheart
 13190 | IceCv    | Killed a death yak
 13941 | Lair:1   | Reached XP level 13. HP: 90/90 MP: 27/27
 14058 | Lair:1   | Reached skill level 10 in Transmutations
 14445 | Lair:2   | Found a staircase to the Snake Pit.
 14605 | D:7      | Bought the ring "Vokug" {rElec rF+ Will+ Str+6 Dex+4} for
                  | 923 gold pieces
 14867 | D:11     | Reached skill level 1 in Maces & Flails
 15902 | D:12     | Reached skill level 11 in Conjurations
 15999 | D:12     | Noticed Urug
 16005 | D:12     | Killed Urug
 16049 | D:12     | Found a staircase to the Orcish Mines.
 16117 | D:12     | Reached skill level 10 in Fighting
 18143 | Lair:3   | Noticed Sonja
 18145 | Lair:3   | Reached XP level 14. HP: 44/99 MP: 29/29
 18146 | Lair:3   | Killed Sonja
 18321 | Lair:3   | Reached skill level 5 in Maces & Flails
 18452 | Lair:3   | Found a staircase to the Swamp.
 18810 | Lair:3   | Reached skill level 12 in Conjurations
 19607 | Lair:4   | Bought a book of Power for 798 gold pieces
 19614 | Lair:4   | Learned a level 6 spell: Iron Shot
 19981 | Lair:4   | Reached skill level 1 in Earth Magic
 20717 | Lair:4   | Found a staircase to the Slime Pits.
 20722 | Lair:4   | Noticed Kirke
 20730 | Lair:4   | Killed Kirke
 20731 | Lair:4   | Reached skill level 1 in Shields
 20884 | Lair:5   | Entered Level 5 of the Lair of Beasts
 21477 | Lair:5   | Reached XP level 15. HP: 108/108 MP: 23/30
 22053 | Lair:5   | Paralysed by a hornet for 1 turns
 22073 | Lair:5   | Paralysed by a hornet for 2 turns
 22502 | Lair:5   | Paralysed by a hornet for 2 turns
 23103 | Lair:5   | Learned a level 5 spell: Yara's Violent Unravelling
 23749 | D:13     | Found a gate to the Vaults.
 23754 | D:13     | Reached skill level 5 in Dodging
 23754 | D:13     | HP: 3/108 [tengu warrior/bolt (23)]
 23854 | D:13     | HP: 5/108 [centaur warrior (15)]
 23856 | D:13     | Reached skill level 5 in Earth Magic
 25287 | Orc:1    | Entered Level 1 of the Orcish Mines
 25379 | Orc:1    | Found Uwankog's General Store.
 25667 | Orc:2    | Entered Level 2 of the Orcish Mines
 25686 | Orc:2    | Noticed an orc warlord
 25694 | Orc:2    | Killed an orc warlord
 26150 | Orc:2    | Found Lueshr Buat's Antique Weapon Emporium.
 26311 | Orc:2    | Noticed Erolcha
 26315 | Orc:2    | Killed Erolcha
 26337 | Orc:2    | Reached skill level 5 in Shields
 26747 | Orc:2    | Found a staircase to the Elven Halls.
 27013 | Orc:2    | Noticed Donald
 27019 | Orc:2    | Killed Donald
 27259 | Orc:2    | Noticed an orc warlord
 27266 | Orc:2    | Killed an orc warlord
 27588 | Orc:2    | Found Goaph's Antique Armour Emporium.
 27593 | Orc:2    | Found Bueli's Antique Weapon Shoppe.
 27618 | Orc:2    | Bought a buzzing hat for 270 gold pieces
 27618 | Orc:2    | Identified the +1 hat "Ucuef" {Will+ Slay+3 Stlth+} (You
                  | bought it in a shop on level 2 of the Orcish Mines)
 27780 | Orc:2    | Found Zoahoj's Weapon Boutique.
 27789 | Orc:2    | Learned a level 3 spell: Swiftness
 27833 | Orc:1    | Found a shimmering altar of Xom.
 28089 | Orc:2    | Bought a slimy eveningstar for 800 gold pieces
 28089 | Orc:2    | Identified the +1 eveningstar "Koloh" {vorpal, rElec} (You
                  | bought it in a shop on level 2 of the Orcish Mines)
 28147 | D:12     | Bought the ring "Hathun" {rPois Int+2 Dex+6 Stlth+} for 975
                  | gold pieces
 28190 | D:14     | Reached XP level 16. HP: 116/116 MP: 31/31
 28243 | D:14     | Identified the +11 morningstar "Ubajyeti" {protect, rElec}
 28385 | D:14     | Noticed Josephine
 28391 | D:14     | Killed Josephine
 28392 | D:14     | Reached skill level 13 in Conjurations
 29054 | D:15     | Entered Level 15 of the Dungeon
 29935 | D:15     | Found a basalt altar of Yredelemnul.
 30295 | D:15     | Found Vuris's Antique Armour Boutique.
 31121 | D:15     | Found a staircase to the Depths.
 31275 | D:12     | Bought the ring of Uskemymn {Wiz Slay+3} for 892 gold
                  | pieces
 31599 | Swamp:1  | Entered Level 1 of the Swamp
 32576 | Swamp:1  | Reached skill level 14 in Conjurations
 32775 | Swamp:2  | Reached XP level 17. HP: 97/125 MP: 8/33
 33335 | Swamp:2  | Noticed Jorgrun
 33343 | Swamp:2  | Killed Jorgrun
 33664 | Swamp:2  | Found a runed translucent gate.
 33664 | Swamp:2  | Found a runed translucent gate.
 33664 | Swamp:2  | Found a runed translucent gate.
 33817 | Swamp:2  | Noticed Foxy's ghost (adept GrFi)
 33817 | Swamp:2  | Noticed Axikluogo's ghost (adept MiCA)
 34485 | Swamp:3  | Identified the ring "Hiaryn" {Fly Will+ Slay+3}
 35546 | Swamp:4  | Entered Level 4 of the Swamp
 36499 | Swamp:4  | Reached skill level 10 in Dodging
 37039 | Swamp:4  | Reached XP level 18. HP: 133/133 MP: 23/34
 37180 | Swamp:4  | Got a decaying rune of Zot
 37524 | Snake:1  | Entered Level 1 of the Snake Pit
 37603 | Snake:1  | Reached skill level 15 in Conjurations
 37611 | Snake:1  | Reached skill level 10 in Shields
 37733 | Snake:1  | Reached skill level 15 in Fighting
 38813 | Snake:1  | Learned a level 9 spell: Chain Lightning
 39173 | Snake:2  | Found Atyiqil's Armour Boutique.
 39177 | Snake:2  | Found Ocwylux's Armour Boutique.
 39426 | Snake:2  | Reached skill level 1 in Air Magic
 40675 | Snake:3  | Found Gaeklal's Weapon Boutique.
 41419 | Snake:4  | Entered Level 4 of the Snake Pit
 41586 | Snake:4  | Found a transporter.
 41616 | Snake:4  | Noticed TheSexyCheese's ghost (adept HOFi)
 42062 | Snake:4  | Reached XP level 19. HP: 139/139 MP: 17/36
 42875 | Snake:4  | Reached skill level 5 in Air Magic
 42895 | Snake:4  | Reached skill level 16 in Conjurations
 43265 | Snake:4  | Reached skill level 10 in Stealth
 44122 | Snake:4  | Found a transporter.
 44173 | Snake:4  | Reached skill level 1 in Evocations
 44812 | Snake:4  | Got a serpentine rune of Zot
 45416 | Vaults:1 | Entered Level 1 of the Vaults
 45425 | Vaults:1 | Bought the amulet of Vitality {RegenMP++ Regen++} for 2000
                  | gold pieces
 45425 | Vaults:1 | Found the amulet of Vitality {RegenMP++ Regen++}
 45451 | Vaults:1 | Found Ziusoseax's Assorted Antiques.
 45618 | Vaults:1 | Identified the +6 hand axe of Regicide {venom, rN+ SInv}
 45621 | Vaults:1 | Found Feussacu's Antique Weapon Boutique.
 46077 | Vaults:1 | Noticed Saint Roka
 46153 | Vaults:1 | Killed Saint Roka
 46260 | Vaults:1 | Reached XP level 20. HP: 145/145 MP: 38/38
 46864 | Vaults:2 | Bought a scroll of blinking for 202 gold pieces
 46868 | Vaults:2 | Noticed Mennas
 47219 | Vaults:2 | Reached skill level 5 in Evocations
 47603 | Vaults:3 | Reached skill level 17 in Conjurations
 47728 | Vaults:2 | Bought the ring of Sius {Int+6 Stlth+} for 687 gold pieces
 48216 | Vaults:3 | Found a staircase to the Crypt.
 48235 | Vaults:3 | Gained mutation: You sometimes lose your temper in combat.
                  | [mutagenic glow]
 49236 | Vaults:4 | Acquired Ifomoh's Volume of Electric Blasts
 49432 | Vaults:4 | Found Gyver's Jewellery Emporium.
 49709 | Vaults:4 | Reached XP level 21. HP: 151/151 MP: 37/39
 49717 | Vaults:4 | Reached skill level 15 in Spellcasting
 50187 | Vaults:4 | Got Qiadgher's Directory of Generative Evil Liturgies
 50816 | Depths:1 | Entered Level 1 of the Depths
 50817 | Depths:1 | Found Lepserua's Assorted Antiques.
 50827 | Depths:1 | Bought a scroll of acquirement for 1664 gold pieces
 50827 | Depths:1 | Acquired 1236 gold pieces
 50838 | Depths:1 | Bought a steaming platinum amulet for 160 gold pieces
 50838 | Depths:1 | Identified the amulet "Pebbon" {Spirit Dex+2 Stlth+} (You
                  | bought it in a shop on level 1 of the Depths)
 51260 | Depths:1 | Found a gateway to a bazaar.
 51307 | Depths:1 | Identified the +0 scale mail of the Morning Star {rElec rF+
                  | Int+3}
 51392 | Depths:1 | Found a gateway to Hell.
 52072 | Bazaar   | Entered a bazaar
 52092 | Bazaar   | Found Qaedeun's Jewellery Boutique.
 52114 | Bazaar   | Found Mifi's Antique Weapon Emporium.
 52135 | Bazaar   | Found Dekinosi's Book Boutique.
 52155 | Bazaar   | Found Vewaol's Magic Scroll Shoppe.
 52182 | Bazaar   | Bought 2 scrolls of blinking for 210 gold pieces
 52197 | Bazaar   | Bought the Unrestrained Analects for 396 gold pieces
 52197 | Bazaar   | Bought Epro's Teachings on the Conflagrant Caves for 360
                  | gold pieces
 52244 | Bazaar   | Learned a level 7 spell: Orb of Destruction
 52268 | Bazaar   | Bought a masterwork rapier for 234 gold pieces
 52268 | Bazaar   | Identified the +4 rapier of the Distant Future {spect,
                  | Fragile +Blink MP+9 Int+6} (You bought it in a shop in a
                  | bazaar)
 52462 | Depths:2 | Reached skill level 10 in Air Magic
 52907 | Depths:2 | Reached skill level 18 in Conjurations
 53035 | Depths:2 | Killed from afar by a war gargoyle

Illustrated notes

Levels and vault maps discovered:
D:1:      minmay_arrival_hallway, layout_loops_corners, basic_ecumenical_altar,
          minmay_unequal
D:2:      layout_loops_ring, uniq_jessica
D:3:      layout_basic, serial_shops, nicolae_shop_advertising_works
          [nicolae_subvault_shop_adworks], minmay_shallow_snake_nest,
          uniq_natasha
D:4:      layout_rooms, grunt_dithmenos_smoke_and_mirrors,
          makhleb_blood_cavern_becter, slow_altar_1, serial_shops,
          nicolae_square_shop, nicolae_shop_temple_entry_statues_fountains,
          kennysheep_mini_moat, chequers_serial_rivers_large_a,
          minmay_fractal_squares_gapless_5
D:5:      layout_layer_cave, mainiacjoe_overflow_cross_hatched,
          lemuel_temple_firewalk_b, uniq_sigmund
D:6:      layout_basic
D:7:      layout_basic, nicolae_hepliaklqana_hazy_memory, serial_shops,
          nicolae_stop_n_shop_2
D:8:      layout_basic, nicolae_qazlal_style_of_elements,
          grunt_lair_entry_orc_guard_hut, uniq_amaemon, uniq_psyche,
          uniq_joseph, uniq_maurice
D:9:      layout_roguey, nicolae_overflow_crystal_walls,
          gammafunk_temple_overflow_claw
D:10:     layout_loops_ring, uniq_fannar
D:11:     layout_long_grid, grunt_livestock, kennysheep_island_fort
D:12:     layout_basic, orc_0_dummy, serial_glass, glass_columns_a,
          glass_columns_a, glass_columns_a, glass_columns_a, glass_columns_a,
          glass_columns_a, uniq_urug
D:13:     layout_cave_pods, david_vaults_2
D:14:     layout_cave_pools, grunt_decor_junction, minmay_protected_statue,
          uniq_josephine
D:15:     grunt_enter_depths_hoard, layout_rooms, minmay_misc_feat_diagonals,
          serial_shops, shop, nicolae_yredelemnul_corpse_copse
Temple:   nicolae_temple_bog_church
Lair:1:   layout_loops_ring, portal_ice_cave_demonic_guard, grunt_megastairs_2
Lair:2:   layout_roguey, guppyfry_snake_entry_island
Lair:3:   layout_cave_shapes, minmay_swamp_entry_reptiles, uniq_sonja
Lair:4:   layout_roguey, slime_entry_1, grunt_megastairs_3, uniq_kirke
Lair:5:   minmay_lair_end_enchanted_forest, layout_long_grid,
          infiniplex_staircase_pool_2
Swamp:1:  layout_basic_swamp, infiniplex_staircase_pool
Swamp:2:  layout_basic_swamp, gammafunk_ghost_cemetery,
          evilmike_swamp_ruin_house_5, swamp_pool2, uniq_jorgrun
Swamp:3:  layout_basic_swamp, evilmike_swamp_ruin_rubble_2
Swamp:4:  swamp, layout_basic_swamp
Snake:1:  layout_onion_interference, serial_bayou_lake_a, serial_bayou_shore_a
Snake:2:  layout_grid_shapes, minmay_shop_star
Snake:3:  layout_rooms, serial_shops,
          nicolae_shop_temple_entry_statues_fountains
Snake:4:  grunt_snake_rune_spirals, layout_concentric_octagons,
          gammafunk_ghost_berserking_beasts
Orc:1:    layout_caves, basic_altar, serial_shops, nicolae_shop_waterfront
Orc:2:    grunt_orc_community_town_hall, layout_diamond_mine,
          grunt_orc_community_big_house_2, grunt_orc_community_big_house_2,
          grunt_orc_community_house_3, grunt_orc_community_house_1,
          grunt_orc_community_house_3, grunt_orc_community_house_1,
          guppyfry_orc_lava_fort, uniq_donald, uniq_erolcha
Vaults:1: st_smaller_cells, hangedman_vaults_impose, v_rooms_4,
          nicolae_vaults_little_ls, v_misc_22, nicolae_vaults_network_square,
          vaults_room_corners, ontoclasm_vaults_pinch,
          ontoclasm_vaults_misaligned, nicolae_vaults_ring_of_whatevers,
          grunt_vaults_bifocal, nicolae_vaults_diagonal_hallway_7,
          ontoclasm_vaults_decontamination, v_rooms_2, layout_vaults_maze_bifur,
          serial_shops, shop, shop, uniq_saint_roka
Vaults:2: nicolae_vaults_murderbox, ontoclasm_vaults_chip,
          nicolae_vaults_big_angled_halls, nicolae_vaults_stairing_the_circle,
          nicolae_vaults_network_s, nicolae_vaults_bisected_exclaves,
          nicolae_vaults_circle_grid_a, hangedman_vaults_maws,
          nicolae_vaults_network_star, ontoclasm_vaults_ligature,
          nicolae_vaults_little_squares_4, layout_vaults_ring, serial_shops,
          nicolae_lakefront_shop, uniq_mennas, uniq_sojobo
Vaults:3: minmay_crypt_entry_simple_corners, ontoclasm_vaults_eye,
          nicolae_vaults_little_squares_5, nicolae_vaults_big_angled_halls,
          vaults_mumra_chevron_long, vaults_room_fancy_cross,
          nicolae_vaults_diagonal_hallway_6, nicolae_vaults_little_squares_1,
          st_lattice, v_misc_10, nicolae_vaults_alarming,
          ontoclasm_vaults_gateway, layout_vaults_omnigrid
Vaults:4: hangedman_vaults_restitches, v_misc_24, vaults_dpeg_cross,
          nicolae_vaults_circle_grid_b, vaults_room_fancy_cross,
          ontoclasm_vaults_twist, hangedman_vaults_capsules, v_misc_31,
          v_misc_17, nicolae_vaults_little_squares_6,
          nicolae_vaults_little_squares_2, vaults_standard_mumra_lines,
          layout_vaults_omnicross, serial_shops, shop
Depths:1: layout_twisted_cross, grunt_hell_entry_dis_mu, serial_shops,
          freezing_bzr, nicolae_square_shop, nicolae_lava_and_water,
          kennysheep_generic_room_14, nicolae_triple_integral, firewood_loft
Depths:2: lemuel_river_lethe, hell_entry, pan_entry

Skill      XL: |  1  2  3  4  5  6  7  8  9 10 11 12 13 14 15 16 17 18 19 20 21 |
---------------+----------------------------------------------------------------+-----
Stealth        | 3 4 6 8 10 | 10.3
Poison Magic   | 1 2 3 5 6 |  6.6
Spellcasting   | 3 4 6 7 8 9 10 11 12 13 14 15 | 15.6
Transmutations | 1 2 3 4 5 6 8 9 10 | 10.1
Fighting       | 1 4 5 7 9 10 11 12 14 15 | 15.1
Conjurations   | 6 7 9 10 11 12 14 15 16 17 18 | 18.0
Hexes          | 2 4 |  4.4
Maces & Flails | 4 7 8 |  8.7
Earth Magic    | 3 5 |  5.1
Shields        | 2 5 8 9 11 12 13 14 | 14.3
Dodging        | 3 6 8 10 | 10.7
Air Magic      | 4 7 8 10 | 10.3
Evocations     | 4 7 8 |  8.5

Action                   |  1- 3 |  4- 6 |  7- 9 | 10-12 | 13-15 | 16-18 | 19-21 || total
-------------------------+-------+-------+-------+-------+-------+-------+-------++-------
Melee: Dagger            |     3 |    26 |    64 |       |       |       |       ||    93
       Constrict         |     1 |     5 |    18 |    21 |    47 |    26 |    18 ||   136
       Tentacles         |     1 |     3 |    13 |    39 |    78 |    74 |    61 ||   269
       Punch             |       |     1 |     1 |     7 |     9 |     5 |     3 ||    26
       Demon whip        |       |       |       |   145 |   235 |   143 |   155 ||   678
       Morningstar       |       |       |       |       |       |    39 |       ||    39
 Cast: Magic Dart        |    45 |    86 |     6 |     1 |     4 |     2 |       ||   144
       Searing Ray       |       |     3 |     6 |       |     2 |       |       ||    11
       Olgreb's Toxic Ra |       |     2 |    21 |    56 |   161 |    81 |    79 ||   400
       Ignite Poison     |       |     2 |    18 |    59 |   136 |    71 |    66 ||   352
       Fulminant Prism   |       |       |     4 |     9 |    33 |     9 |     3 ||    58
       Irradiate         |       |       |       |       |    15 |    14 |    18 ||    47
       Iron Shot         |       |       |       |       |    37 |   344 |   406 ||   787
       Yara's Violent Un |       |       |       |       |       |     1 |       ||     1
       Swiftness         |       |       |       |       |       |       |     2 ||     2
Invok: Call Merchant     |       |       |       |       |     4 |       |     3 ||     7
       Potion Petition   |       |       |       |       |       |       |     1 ||     1
Evoke: Wand              |       |       |       |     4 |     2 |     7 |     6 ||    19
       Lightning rod     |       |       |       |       |       |       |     4 ||     4
  Use: Scroll            |     3 |     2 |     3 |    11 |    12 |    10 |    12 ||    53
       Potion            |       |     1 |       |     1 |     2 |       |     3 ||     7
 Stab: Sleeping          |       |     1 |     4 |     2 |     3 |     4 |     1 ||    15
       Distracted        |       |       |     1 |     2 |     4 |     6 |     4 ||    17
Armor: Skin              |     1 |     7 |     8 |    21 |    28 |    20 |     4 ||    89
Dodge: Dodged            |     6 |    12 |    49 |   142 |   196 |   203 |   179 ||   787
Block: Kite shield       |       |       |       |       |       |   197 |   240 ||   437
       Reflection        |       |       |       |       |       |    24 |    33 ||    57
